 Dungeon Crawl Stone Soup version 0.30-a0-389-g8d7d949f56 (webtiles) character file.

Game seed: 17384411674933853960

4586 Conn the Arsonist (level 10, -1/63 HPs)
             Began as an Octopode Fire Elementalist on Dec 3, 2022.
             Was a Follower of Sif Muna.
             Slain by a white ugly thing (20 damage)
             ... on level 7 of the Dungeon.
             The game lasted 00:27:51 (8414 turns).

Conn the Arsonist (Octopode Fire Elementalist)      Turns: 8414, Time: 00:27:52

Health: -1/63      AC:  1    Str:  8    XL:     10   Next: 41%
Magic:  10/20      EV: 14    Int: 21    God:    Sif Muna [*.....]
Gold:   310        SH:  0    Dex: 13    Spells: 1/23 levels left

rFire   . . .      SeeInvis .    q - +4 dagger (protect)
rCold   . . .      Faith    .    (no shield)
rNeg    . . .      Spirit   .    (helmet restricted)
rPois   .          Reflect  .    i - amulet of regeneration
rElec   .          Harm     .    f - ring of willpower
rCorr   .          Rampage  .    (no ring)
Will    +....                    (no ring)
Stlth   +++++.....               (no ring)
HPRegen 1.10/turn                (no ring)
MPRegen 0.17/turn                (no ring)
                                 (no ring)
                                 (no ring)

@: no status effects
A: almost no armour, amphibious, 8 rings, camouflage 1, gelatinous body 1,
(nimble swimmer 1), tentacles
a: Renounce Religion, Channel Magic


You were on level 7 of the Dungeon.
You worshipped Sif Muna.
Sif Muna was aware of your devotion.
You visited 2 branches of the dungeon, and saw 8 of its levels.

You collected 310 gold pieces.

Inventory:

Hand Weapons
 b - a +0 short sword
 q - a +4 dagger of protection (weapon)
Missiles
 k - 11 poisoned darts
Armour
 t - a +1 kite shield
Jewellery
 f - a ring of willpower (left tentacle)
 i - an amulet of regeneration (around mantle)
 u - a ring of ice
Wands
 w - a wand of flame (17)
Scrolls
 d - 5 scrolls of amnesia
 e - a scroll of vulnerability
 g - 2 scrolls of blinking
 p - 8 scrolls of teleportation
 x - a scroll of enchant armour
 y - a scroll of magic mapping
Potions
 a - 2 potions of magic
 c - a potion of haste
 h - 2 potions of heal wounds
 j - a potion of mutation
 l - a potion of degeneration
 m - a potion of might
 n - a potion of invisibility
 o - 3 potions of curing
 r - 2 potions of flight


   Skills:
 + Level 3.3 Fighting
 + Level 4.5 Short Blades
 + Level 3.3 Dodging
 + Level 7.5 Stealth
 + Level 7.1 Spellcasting
 * Level 6.1 Conjurations
 + Level 0.1 Hexes
 * Level 2.4 Translocations
 + Level 8.0 Fire Magic
 + Level 0.5 Air Magic


You had one spell level left.
You knew the following spells:

 Your Spells              Type           Power      Damage    Failure   Level
a - Foxfire               Conj/Fire      100%       2x1d9     1%          1
b - Kindle Blastsparks    Fire/Tloc/Air  44%        2d13      6%          3
c - Inner Flame           Hex/Fire       24%        N/A       4%          3
d - Flame Wave            Conj/Fire      37%        2d10      4%          4
e - Scorch                Fire           82%        2d9       1%          2
f - Blink                 Tloc           34%        N/A       4%          2
g - Iskenderun's Mystic   Conj/Tloc      25%        2d7       16%         4
h - Hailstorm             Conj/Ice       20%        3d6       8%          3

Your spell library contained the following spells:

 Spells                   Type           Power      Damage    Failure   Level
 Apportation              Tloc           34%        N/A       3%          1
 Freeze                   Ice            28%        1d5       9%          1
 Necrotise                Necr           28%        1d5       9%          1
 Sublimation of Blood     Necr           7%         N/A       13%         2
 Frozen Ramparts          Ice            14%        1d3       26%         3
 Vampiric Draining        Necr           7%         2d6       26%         3
 Irradiate                Conj/Tmut      10%        3d15      56%         5
 Petrify                  Tmut/Erth      7%         N/A       65%         4
 Summon Forest            Summ/Tloc      6%         N/A       82%         5
 Agony                    Necr           7%         N/A       94%         5
 Iron Shot                Conj/Erth      10%        9d3       98%         6
 Disjunction              Tloc           8%         N/A       100%        8


Dungeon Overview and Level Annotations

Branches:
Dungeon (7/15)             Temple (1/1) D:5

Altars:
Dithmenos
Gozag
Makhleb
Qazlal
Sif Muna
Uskayaw
Vehumet
Wu Jian
Xom
The Shining One

Annotations:
D:6 1 runed translucent door, Crazy Yiuf, Maggie


Innate Abilities, Weirdness & Mutations

You cannot wear most types of armour.
You are amphibious.
You can wear up to eight rings at the same time.
Your skin changes colour to match your surroundings (Stealth+).
Your rubbery body absorbs attacks. (AC +1, EV +1)
((You are camouflaged when in or above water. (Stealth+)))
You have tentacles for arms and can constrict up to eight enemies at once.


Message History

Okay, then.
Casting: Scorch (safe; 1% risk of failure)
Confirm with . or Enter, or press ? or * to list all spells.
Aiming: Inner Flame (dangerous; 4% risk of failure)
Press: ? - help, Dir - move target, f - gargoyle
Aim: a gargoyle, wielding a +0 flail (wandering, hasn't noticed you, chance to affect: 64%)
The gargoyle is filled with an inner flame.
Casting: Inner Flame (dangerous; 4% risk of failure)
Confirm with . or Enter, or press ? or * to list all spells.
You conjure some foxfire!
Casting: Foxfire (safe; 1% risk of failure)
Confirm with . or Enter, or press ? or * to list all spells.
You conjure some foxfire!
The foxfire hits the gargoyle.
Flame seeps out of the gargoyle.
The gargoyle is lightly damaged.
Unknown command.
Casting: Foxfire (safe; 1% risk of failure)
Confirm with . or Enter, or press ? or * to list all spells.
Flames lash the gargoyle but do no damage.
The foxfire hits the gargoyle but does no damage.
The gargoyle is lightly damaged.
Unknown command.
Casting: Scorch (safe; 1% risk of failure)
Confirm with . or Enter, or press ? or * to list all spells.
Casting: Flame Wave (dangerous; 4% risk of failure)
Press: ? - help, Dir - look around, f - activate A wave of flame ripples out!
The tree burns like a torch! (Press . to intensify the flame waves.)
A white ugly thing comes into view.
Your foxfire dissipates!
Unknown command.
The gargoyle hits you with a +0 flail!!
Unknown command.
Really wriggle into that cloud of spreading flames?
You are engulfed in a forest fire.
The white ugly thing is engulfed in a forest fire.
Unknown command.
The white ugly thing attacks as you move away!
The white ugly thing pecks you. The white ugly thing freezes you!!
You die...

##.##.......# ♣...♣...♣...♣ #.###
#.##.......#♣♣.♣.♣.♣.♣.♣.♣♣#.###
#)##...#...#.♣.♣.♣.♣.♣.♣.♣.#....
#.######...#.♣.♣.♣.♣.♣.♣.♣.##.)#
#†#### #####...♣.......♣...##<..
##.)..# ### ########.############
....#.#♣♣(♣♣ ♣♣♣♣♣♣♣.♣♣♣♣♣♣♣ ♣♣.♣
....#.#♣)≈.♣#♣..§§§§.......♣#♣.♣.
....#.#.≈≈≈.#♣.♣@u§♣♣♣♣♣♣♣.♣#..♣.
....#.#.≈≈≈.#♣.♣§§§......♣.♣#.♣♣♣
###.#.#.≈≈≈.#♣.♣9§§♣♣♣♣♣.♣(♣#..♣.
<##.#.#.≈~†.#♣.♣.### ♣.♣.♣#♣.♣.
..§.#.#♣~≈~.#♣.♣.# ♣.♣÷♣#..#.
....#...≈~≈....♣.# ♣.♣....#⌠#
#.#.#.#♣~≈~.#♣.♣.# ♣.♣)♣#..#.
#.#.#.#.≈~≈.#♣.♣.. ♣.♣)♣#♣.♣[
....#.#.≈≈≈.#♣.♣♣♣♣♣♣♣♣♣.♣†♣#..♣.


You could see a white ugly thing and a gargoyle (inner flame).

Vanquished Creatures
  The ghost of Morrissey the Cudgeller, a novice GrMo (D:5)
  A troll (D:7)
  A wraith (D:7)
  Menkaure (D:6)
  A water moccasin (D:7)
  3 sky beasts (D:7)
  2 ice beasts (D:7)
  An orc warrior (D:7)
  4 black bears
  4 ogres
  A phantom (D:5)
  2 bullfrogs
  A kobold brigand (D:7)
  7 scorpions
  2 necrophages
  11 wights
  2 killer bees
  A howler monkey (D:5)
  A crimson imp (D:7)
  2 jellies
  5 hounds
  2 gnoll boudas
  2 orc priests (D:5)
  4 iguanas
  6 orc wizards
  15 gnolls
  8 adders
  A river rat (D:5)
  A shadow imp (D:5)
  A white imp (D:7)
  3 worms
  3 dart slugs
  28 orcs
  11 ball pythons
  5 endoplasms
  7 giant cockroaches
  7 goblins
  11 hobgoblins
  12 jackals
  10 kobolds
  2 quokkas
  5 bats (D:1)
  A frilled lizard (D:1)
  5 rats
204 creatures vanquished.

Vanquished Creatures (collateral kills)
  3 foxfires (D:1)
3 creatures vanquished.

Vanquished Creatures (others)
  4 demonic plants (D:1)
  486 foxfires
  A fungus (D:6)
  A plant (D:7)
  A withered plant (D:1)
493 creatures vanquished.

Grand Total: 700 creatures vanquished

Notes
Turn   | Place    | Note
-------+----------+-------------------------------------------
     0 | D:1      | Conn the Octopode Fire Elementalist began the quest for the
                  | Orb.
     0 | D:1      | Reached XP level 1. HP: 11/11 MP: 3/3
   156 | D:1      | Reached XP level 2. HP: 17/17 MP: 0/5
   370 | D:1      | Reached XP level 3. HP: 21/21 MP: 6/6
   376 | D:1      | Learned a level 2 spell: Scorch
   380 | D:1      | Learned a level 3 spell: Inner Flame
  1095 | D:1      | Found a faded altar of an unknown god.
  1310 | D:2      | Reached XP level 4. HP: 27/27 MP: 3/7
  1799 | D:2      | Reached skill level 1 in Short Blades
  2409 | D:3      | Reached XP level 5. HP: 32/32 MP: 9/9
  2620 | D:3      | Found a hide-covered altar of Uskayaw.
  3091 | D:4      | Reached skill level 1 in Fighting
  3445 | D:4      | Reached XP level 6. HP: 38/38 MP: 10/10
  3596 | D:4      | Reached skill level 4 in Fire Magic
  3685 | D:4      | Learned a level 3 spell: Kindle Blastsparks
  3817 | D:5      | Entered Level 5 of the Dungeon
  4021 | D:5      | Reached XP level 7. HP: 43/43 MP: 6/12
  4370 | D:5      | Found a runed translucent door.
  4376 | D:5      | Noticed Morrissey's ghost (novice GrMo)
  4704 | D:5      | Reached skill level 5 in Fire Magic
  4796 | D:5      | Reached skill level 5 in Stealth
  4796 | D:5      | Reached XP level 8. HP: 49/49 MP: 3/15
  5289 | D:5      | Reached skill level 6 in Fire Magic
  5455 | D:5      | Found a runed translucent door.
  5476 | D:5      | Learned a level 4 spell: Flame Wave
  5519 | D:5      | Reached skill level 5 in Spellcasting
  5553 | D:5      | Killed Morrissey's ghost
  5554 | D:5      | Reached XP level 9. HP: 55/55 MP: 4/17
  5850 | D:5      | Found a staircase to the Ecumenical Temple.
  5857 | Temple   | Entered the Ecumenical Temple
  5870 | Temple   | Became a worshipper of Sif Muna the Loreminder
  6581 | D:6      | Found a runed translucent door.
  6582 | D:6      | Noticed Crazy Yiuf
  6735 | D:6      | Noticed Maggie
  6750 | D:6      | Noticed Menkaure
  6756 | D:6      | Killed Menkaure
  6801 | D:7      | Noticed a troll
  6806 | D:7      | Killed a troll
  6807 | D:7      | Reached skill level 7 in Fire Magic
  6831 | D:7      | Reached * piety under Sif Muna
  6887 | D:7      | Reached skill level 5 in Conjurations
  7035 | D:7      | Found an opulent altar of Gozag.
  7176 | D:7      | Identified a scroll of acquirement
  7176 | D:7      | Acquired the Directory of the Discontinuous Quarry
  7181 | D:7      | Learned a level 2 spell: Blink
  7186 | D:7      | Learned a level 4 spell: Iskenderun's Mystic Blast
  7326 | D:7      | Reached XP level 10. HP: 63/63 MP: 5/19
  7337 | D:7      | Reached skill level 1 in Translocations
  7759 | D:7      | Learned a level 3 spell: Hailstorm
  7826 | D:7      | Found a burning altar of Makhleb.
  7827 | D:7      | Found a radiant altar of Vehumet.
  8182 | D:7      | Reached ** piety under Sif Muna
  8183 | D:7      | Reached skill level 8 in Fire Magic
  8405 | D:7      | Noticed a gargoyle
  8411 | D:7      | Noticed a white ugly thing
  8414 | D:7      | Slain by a white ugly thing

Illustrated notes

Levels and vault maps discovered:
D:1:      dpeg_arrival_concentric_ovals, layout_loops_ring,
          shapermc_ecumenical_altar_gd
D:2:      layout_loops_corners
D:3:      layout_basic, nicolae_uskayaw_murder_on_the_dancefloor
D:4:      layout_rooms, grunt_ministairs_2, nicolae_eternal_life,
          dk_noncrumbling_3
D:5:      minmay_chambers_of_threes, layout_basic, minmay_temple_entry_fiery,
          ebering_ghost_sewer_f
D:6:      layout_loops_ring, uniq_menkaure, uniq_maggie, uniq_prince_ribbit1,
          uniq_crazy_yiuf_cottage
D:7:      nzn_winding_woodlands_cross [nzn_winding_woodlands_5x15_lazy_stream,
          nzn_winding_woodlands_5x15_river_crossing,
          nzn_winding_woodlands_5x15_twine,
          nzn_winding_woodlands_5x15_sidewinder,
          nzn_winding_woodlands_15x15_boxy_spiral], layout_basic,
          grunt_temple_overflow_lords_of_destruction,
          nicolae_gozag_cash_rules_everything_around_me,
          chequers_serial_rivers_room_b
Temple:   nicolae_temple_superstar

Skill      XL: |  1  2  3  4  5  6  7  8  9 10 |
---------------+-------------------------------+-----
Stealth        | 3 4 5 7 |  7.5
Short Blades   | 1 2 3 4 |  4.5
Spellcasting   | 3 4 5 6 7 |  7.1
Fighting       | 1 2 3 |  3.3
Conjurations   | 2 3 5 6 |  6.1
Fire Magic     | 4 5 6 7 8 |  8.0
Dodging        | 3 |  3.3
Translocations | 2 |  2.4
Hexes          | |  0.1
Air Magic      | |  0.5

Action                   |  1- 3 |  4- 6 |  7- 9 | 10-12 || total
-------------------------+-------+-------+-------+-------++-------
Melee: Constrict         |    18 |    17 |    20 |     1 ||    56
       Unarmed           |     2 |       |       |       ||     2
       Short sword       |    54 |     3 |       |       ||    57
       Tentacles         |    14 |    18 |    13 |     3 ||    48
       Punch             |     1 |     1 |       |       ||     2
       Dagger            |       |    58 |    80 |     8 ||   146
 Cast: Foxfire           |    41 |    60 |   134 |    49 ||   284
       Scorch            |       |    11 |    27 |    14 ||    52
       Kindle Blastspark |       |       |     9 |     3 ||    12
       Inner Flame       |       |       |     3 |     1 ||     4
       Flame Wave        |       |       |     3 |     2 ||     5
       Iskenderun's Myst |       |       |       |     1 ||     1
  Use: Scroll            |       |    11 |     5 |     1 ||    17
       Potion            |       |       |     1 |       ||     1
 Stab: Sleeping          |     8 |     7 |    15 |     1 ||    31
Armor: Skin              |     7 |     6 |    22 |     2 ||    37
Dodge: Dodged            |    31 |    33 |    37 |     8 ||   109

Table legend: (Time is in decaauts)
 A = Elapsed time spent in this place.
 B = Non-inter-level travel time spent in this place.
 C = Inter-level travel time spent in this place.
 D = Time resting spent in this place.
 E = Time spent auto-exploring this place.
 F = Levels seen in this place.
 G = Mean time per level.
                   A        B        C        D        E       F      G
               +--------+--------+--------+--------+--------+-----+--------+
         Total |   8391 |   8273 |    118 |    306 |   5942 |   8 | 1048.9 |
       Dungeon |   8366 |   8259 |    107 |    306 |   5942 |   7 | 1195.1 |
        Temple |     24 |     13 |     11 |      0 |      0 |   1 |   24.0 |
               +--------+--------+--------+--------+--------+-----+--------+

Top non-repeatable levels by time:
     D:5: 2410 daAuts
     D:7: 1614 daAuts
     D:1: 1289 daAuts
     D:2: 1018 daAuts
     D:4: 870 daAuts
     D:3: 632 daAuts
     D:6: 531 daAuts
  Temple: 24 daAuts
